[Event "27th Kavala Open 2018"]
[Site "Kavala"]
[Date "2018.08.06"]
[Round "3"]
[White "Kelires, Andreas"]
[Black "Ambartsumova, Karina"]
[Result "1-0"]
[ECO "E04"]
[WhiteElo "2531"]
[BlackElo "2377"]
[Annotator "ChessBase"]
[PlyCount "75"]
[EventDate "2018.08.06"]
[EventType "swiss"]
[EventCountry "GRE"]
[SourceTitle "playchess.com"]
[Source "ChessBase"]
[SourceQuality "1"]
[TimeControl "40/5400+30:900+30"]

1. d4 Nf6 2. c4 e6 3. Nf3 d5 4. g3 dxc4 5. Bg2 Nc6 6. O-O Rb8 7. e3 b5 8. b3 cxb3 9. axb3 a6 10. Ne1 Nb4 11. Bd2 Be7 12. Bxb4 Bxb4 13. Nd3 Bd6 14. Nd2 O-O 15. Qe2 Nd7 16. Ne4 e5 17. Nxd6 cxd6 18. Nb4 Rb6 19. Rfc1 Nf6 20. Qd2 Qd7 21. dxe5 dxe5 22. Qxd7 Bxd7 23. Nxa6 Rc8 24. Rxc8+ Bxc8 25. Nb4 Re6 26. Bc6 Bd7 27. Bxd7 Nxd7 28. Ra8+ Nf8 29. Rb8 f6 30. Rxb5 Rd6 31. Kg2 Ne6 32. Nd5 Rd7 33. b4 Kf7 34. Ra5 g6 35. e4 f5 36. exf5 gxf5 37. Ne3 Kf6 38. Ra6 1-0

[Event "27th Kavala Open 2018"]
[Site "Kavala"]
[Date "2018.08.06"]
[Round "3"]
[White "Iljin, Artem"]
[Black "Giannoulakis, Lampros"]
[Result "1/2-1/2"]
[ECO "E63"]
[WhiteElo "2520"]
[BlackElo "2287"]
[Annotator "ChessBase"]
[PlyCount "54"]
[EventDate "2018.08.06"]
[EventType "swiss"]
[EventCountry "GRE"]
[SourceTitle "playchess.com"]
[Source "ChessBase"]
[SourceQuality "1"]
[TimeControl "40/5400+30:900+30"]

1. Nf3 Nf6 2. c4 g6 3. g3 Bg7 4. Bg2 O-O 5. O-O d6 6. d4 Nc6 7. Nc3 a6 8. d5 Na5 9. b3 c5 10. dxc6 Nxc6 11. Bg5 h6 12. Bd2 Be6 13. Qc1 Kh7 14. Rd1 Rc8 15. Qa3 b5 16. Qxa6 bxc4 17. bxc4 Nb4 18. Qb5 Nc2 19. Rac1 Na3 20. Qb4 Nxc4 21. Nd4 Nxd2 22. Nxe6 fxe6 23. Rxd2 Rb8 24. Qh4 Qa5 25. Qa4 Qb6 26. e3 d5 27. Ne2 Rfc8 1/2-1/2

[Event "27th Kavala Open 2018"]
[Site "Kavala"]
[Date "2018.08.06"]
[Round "3"]
[White "Hasangatin, Ramil"]
[Black "Dorfanis, Ilarion"]
[Result "1-0"]
[ECO "C65"]
[WhiteElo "2491"]
[BlackElo "2183"]
[Annotator "ChessBase"]
[PlyCount "129"]
[EventDate "2018.08.06"]
[EventType "swiss"]
[EventCountry "GRE"]
[SourceTitle "playchess.com"]
[Source "ChessBase"]
[SourceQuality "1"]
[TimeControl "40/5400+30:900+30"]

1. e4 e5 2. Nf3 Nc6 3. Bb5 Nf6 4. d3 Bc5 5. Bxc6 dxc6 6. Bg5 Qd6 7. Nbd2 Nd7 8. Nc4 Qg6 9. O-O f6 10. Be3 Bxe3 11. fxe3 Nb6 12. Na5 Bh3 13. Nh4 Qg5 14. Nxb7 Bc8 15. Nf5 Bxf5 16. exf5 Qxe3+ 17. Kh1 O-O 18. Qf3 Nd5 19. Na5 Qxf3 20. Rxf3 Rab8 21. b3 Nc3 22. d4 Nb5 23. dxe5 fxe5 24. Nxc6 e4 25. Re3 Rbe8 26. c4 Nd6 27. g4 h5 28. c5 Nb7 29. b4 hxg4 30. Nxa7 Rxf5 31. Nb5 Rf2 32. Nc3 Re6 33. Kg1 Rb2 34. Rb1 Rc2 35. Rbe1 Rh6 36. R1e2 Rc1+ 37. Kg2 Rf6 38. Nxe4 Rff1 39. Kg3 Rg1+ 40. Kh4 Nd8 41. Ng5 Rcf1 42. Rg3 Rh1 43. Kxg4 Rf8 44. Rf3 Rg1+ 45. Kh4 Rxf3 46. Nxf3 Rf1 47. Ng5 Kf8 48. a3 Nc6 49. Re3 Rg1 50. Nf3 Rg2 51. Kh3 Rg6 52. Ne5 Rh6+ 53. Kg2 Re6 54. Ng4 Rg6 55. h3 Ne7 56. b5 Nd5 57. Rf3+ Ke7 58. Kf2 Rg5 59. a4 Nb4 60. Rb3 Rf5+ 61. Kg3 Nd5 62. a5 Nf4 63. a6 Ne2+ 64. Kh2 Nd4 65. a7 1-0

[Event "27th Kavala Open 2018"]
[Site "Kavala"]
[Date "2018.08.06"]
[Round "3"]
[White "Petrov, Martin"]
[Black "Markelova, Lubov"]
[Result "1-0"]
[ECO "A13"]
[WhiteElo "2456"]
[BlackElo "2143"]
[Annotator "RC"]
[PlyCount "73"]
[EventDate "2018.08.06"]
[EventType "swiss"]
[EventCountry "GRE"]
[SourceTitle "playchess.com"]
[Source "ChessBase"]
[SourceQuality "1"]
[TimeControl "40/5400+30:900+30"]

1. c4 e6 2. Nf3 Nf6 3. e3 d5 4. Nc3 c5 5. d4 a6 6. cxd5 exd5 7. Be2 Nc6 8. O-O Be7 9. dxc5 Bxc5 10. b3 O-O 11. Bb2 Qd6 12. Na4 Ba7 13. Bxf6 Qxf6 14. Qxd5 Rd8 15. Qg5 Qxg5 16. Nxg5 h6 17. Nf3 b5 18. Nc3 Be6 19. Rfd1 Nb4 20. a3 Rxd1+ 21. Bxd1 Nd5 22. Ne2 Rc8 23. Nfd4 Bg4 24. h3 Bxe2 25. Bxe2 Rc3 26. Bf3 Bxd4 27. exd4 Nf4 28. b4 Nxh3+ 29. Kf1 Nf4 30. Bb7 Ne6 31. d5 Rc7 32. Bxa6 Nd4 33. Rd1 Nc2 34. d6 Rd7 35. Bxb5 Rd8 36. Rd3 Kf8 37. Ba4 {[%emt 0:00:28] Ke7} 1-0

[Event "27th Kavala Open 2018"]
[Site "Kavala"]
[Date "2018.08.06"]
[Round "3"]
[White "Sandalakis, Angelos"]
[Black "Liodakis, Konstantinos-Spyros"]
[Result "1-0"]
[ECO "E85"]
[WhiteElo "2444"]
[BlackElo "2172"]
[Annotator "NA"]
[PlyCount "111"]
[EventDate "2018.08.06"]
[EventType "swiss"]
[EventCountry "GRE"]
[SourceTitle "playchess.com"]
[Source "ChessBase"]
[SourceQuality "1"]
[TimeControl "40/5400+30:900+30"]

1. d4 Nf6 2. c4 g6 3. Nc3 Bg7 4. e4 d6 5. f3 O-O 6. Be3 e5 7. Nge2 Nc6 8. d5 Ne7 9. Qd2 c6 10. g4 b5 11. g5 Nh5 12. dxc6 bxc4 13. O-O-O Nxc6 14. Qxd6 Nd4 15. Qxd8 Rxd8 16. Nb5 Be6 17. Nbxd4 exd4 18. Bxd4 Rab8 19. Bxg7 Rxd1+ 20. Kxd1 Kxg7 21. Kc2 Rd8 22. Bg2 Rd3 23. Rd1 Re3 24. Kd2 Rd3+ 25. Ke1 f6 26. h4 fxg5 27. hxg5 h6 28. gxh6+ Kxh6 29. Nd4 Bg8 30. Rxd3 cxd3 31. b3 Kg5 32. Bf1 Kf4 33. Kd2 g5 34. Bxd3 Nf6 35. a4 g4 36. fxg4 Nxg4 37. b4 Nf6 38. Nc6 Bb3 39. a5 Nxe4+ 40. Bxe4 Kxe4 41. Kc3 Kd5 42. Nxa7 Bc4 43. Nc6 Bf1 44. Nd4 Kd6 45. Nc2 Kc6 46. Ne3 Be2 47. Kb3 Bd3 48. Nc2 Kd5 49. Na3 Be2 50. Nb1 Kc6 51. Nc3 Bd3 52. Ka3 Kd6 53. Ka4 Bf1 54. b5 Kc5 55. Ne4+ Kd4 56. b6 1-0

[Event "27th Kavala Open 2018"]
[Site "Kavala"]
[Date "2018.08.06"]
[Round "3"]
[White "Prince, Bajaj"]
[Black "Kazakos, Markos"]
[Result "1-0"]
[ECO "B00"]
[WhiteElo "2411"]
[BlackElo "2062"]
[Annotator "NA"]
[PlyCount "57"]
[EventDate "2018.08.06"]
[EventType "swiss"]
[EventCountry "GRE"]
[SourceTitle "playchess.com"]
[Source "ChessBase"]
[SourceQuality "1"]
[TimeControl "40/5400+30:900+30"]

1. e4 Nc6 2. Nf3 d6 3. d4 Nf6 4. Nc3 g6 5. d5 Nb8 6. h3 Bg7 7. Bc4 O-O 8. O-O Re8 9. Re1 e6 10. dxe6 Bxe6 11. Bxe6 Rxe6 12. e5 Ne8 13. Bf4 Nc6 14. Ng5 Rxe5 15. Bxe5 Nxe5 16. Nf3 Nc6 17. Nd5 Nf6 18. c3 Qd7 19. Re2 Re8 20. Rxe8+ Nxe8 21. Qb3 b6 22. Re1 Ne5 23. Nxe5 dxe5 24. Rd1 Nd6 25. Qb4 Qd8 26. Nxc7 Qxc7 27. Qxd6 Qb7 28. Qd7 Qa6 29. Qe8+ 1-0

[Event "27th Kavala Open 2018"]
[Site "Kavala"]
[Date "2018.08.06"]
[Round "3"]
[White "Kanakaris, Georgios"]
[Black "Theodorou, Nikolas"]
[Result "1/2-1/2"]
[ECO "A05"]
[WhiteElo "2398"]
[BlackElo "2532"]
[Annotator "RC"]
[PlyCount "56"]
[EventDate "2018.08.06"]
[EventType "swiss"]
[EventCountry "GRE"]
[SourceTitle "playchess.com"]
[Source "ChessBase"]
[SourceQuality "1"]
[TimeControl "40/5400+30:900+30"]

1. Nf3 Nf6 2. g3 g6 3. Bg2 Bg7 4. O-O O-O 5. d4 Nc6 6. Re1 d5 7. Ne5 Nxe5 8. dxe5 Ne4 9. f3 Nc5 10. Be3 Na4 11. f4 Be6 12. b3 Nb6 13. Nc3 c6 14. Bf2 f6 15. exf6 Bxf6 16. Qd2 Bf5 17. Rac1 e5 18. e4 dxe4 19. Qxd8 Raxd8 20. Nxe4 Bxe4 21. Rxe4 exf4 22. Rxf4 Rd2 23. Rf1 Bg7 24. Rxf8+ Bxf8 25. Bh3 Bg7 26. c4 Rxa2 27. Be6+ Kh8 28. Rd1 Ra1 1/2-1/2

[Event "27th Kavala Open 2018"]
[Site "Kavala"]
[Date "2018.08.06"]
[Round "3"]
[White "Charkhalashvili, Inga"]
[Black "Neelotpal, Das"]
[Result "1/2-1/2"]
[ECO "A50"]
[WhiteElo "2313"]
[BlackElo "2429"]
[Annotator "NA"]
[PlyCount "40"]
[EventDate "2018.08.06"]
[EventType "swiss"]
[EventCountry "GRE"]
[SourceTitle "playchess.com"]
[Source "ChessBase"]
[SourceQuality "1"]
[TimeControl "40/5400+30:900+30"]

1. d4 Nf6 2. c4 g6 3. f3 e6 4. Nc3 d5 5. e4 dxe4 6. fxe4 c5 7. d5 Bg7 8. Nf3 O-O 9. Be2 exd5 10. exd5 Bg4 11. O-O Nbd7 12. h3 Bxf3 13. Bxf3 Ne5 14. Be2 Ne8 15. Be3 Nd6 16. Bxc5 Rc8 17. Bd4 Ndxc4 18. Bxc4 Rxc4 19. Kh1 Qd6 20. Bg1 Rb4 1/2-1/2

[Event "27th Kavala Open 2018"]
[Site "Kavala"]
[Date "2018.08.06"]
[Round "3"]
[White "Naoum, Spyridon"]
[Black "Bulmaga, Irina"]
[Result "1-0"]
[ECO "E20"]
[WhiteElo "2302"]
[BlackElo "2401"]
[Annotator "NA"]
[PlyCount "107"]
[EventDate "2018.08.06"]
[EventType "swiss"]
[EventCountry "GRE"]
[SourceTitle "playchess.com"]
[Source "ChessBase"]
[SourceQuality "1"]
[TimeControl "40/5400+30:900+30"]

1. d4 Nf6 2. c4 e6 3. Nc3 Bb4 4. g3 O-O 5. Bg2 Bxc3+ 6. bxc3 d6 7. Nf3 Nc6 8. Qd3 Rb8 9. Nd2 Qd7 10. O-O b6 11. Nb3 Ba6 12. Bg5 d5 13. Bxf6 Bxc4 14. Qf3 gxf6 15. Qxf6 Bxe2 16. Qg5+ Kh8 17. Qf6+ Kg8 18. Rfe1 Bd3 19. Qh6 Rbe8 20. Re3 Bg6 21. h4 f6 22. h5 Bc2 23. Rc1 Bxb3 24. axb3 Nd8 25. Rce1 a5 26. Bh3 c5 27. Qf4 c4 28. bxc4 dxc4 29. h6 Re7 30. Re4 b5 31. Rd1 Qd5 32. Rde1 b4 33. Bg2 Qd7 34. d5 e5 35. Qh4 Nb7 36. cxb4 Nd6 37. Bh3 Qc7 38. Rg4+ Kh8 39. bxa5 Qxa5 40. Rd1 Qc5 41. Rg7 Rxg7 42. hxg7+ Kxg7 43. Be6 Qc7 44. Qg4+ Kh8 45. Rc1 f5 46. Qf3 f4 47. g4 e4 48. Qa3 f3 49. Rxc4 Qd8 50. Qc3+ Qf6 51. Qxf6+ Rxf6 52. Rc6 e3 53. fxe3 Ne8 54. Rc8 1-0

[Event "27th Kavala Open 2018"]
[Site "Kavala"]
[Date "2018.08.06"]
[Round "3"]
[White "Papadopoulos, Nikolaos"]
[Black "Quparadze, Giga"]
[Result "1-0"]
[ECO "B48"]
[WhiteElo "2258"]
[BlackElo "2517"]
[Annotator "ChessBase"]
[PlyCount "119"]
[EventDate "2018.08.06"]
[EventType "swiss"]
[EventCountry "GRE"]
[SourceTitle "playchess.com"]
[Source "ChessBase"]
[SourceQuality "1"]
[TimeControl "40/5400+30:900+30"]

1. e4 c5 2. Nf3 Nc6 3. d4 cxd4 4. Nxd4 Qc7 5. Nc3 e6 6. Be3 a6 7. Qf3 Nf6 8. O-O-O Ne5 9. Qg3 b5 10. f4 Neg4 11. Bg1 b4 12. Na4 Nh6 13. e5 Ne4 14. Qe1 Bb7 15. Bd3 d5 16. exd6 Nxd6 17. Bf2 Be7 18. Bh4 Bxh4 19. Qxh4 O-O 20. Rhe1 Qa5 21. b3 Nb5 22. Re5 Bd5 23. Rg5 f6 24. Qxh6 fxg5 25. Qxh7+ Kf7 26. Qg6+ Ke7 27. Qxg5+ Rf6 28. Qxg7+ Rf7 29. Qg5+ Rf6 30. Qg7+ Rf7 31. Qg5+ Rf6 32. f5 Nxd4 33. Qg7+ Rf7 34. f6+ Kd6 35. Qxf7 Qc7 36. Qxc7+ Kxc7 37. Bc4 Bxc4 38. Rxd4 Bd5 39. g4 a5 40. g5 Rf8 41. c3 bxc3 42. Nxc3 Bf3 43. Rf4 Bh5 44. Ne4 Bg6 45. Ng3 Kd6 46. h4 Ke5 47. Ra4 Rc8+ 48. Rc4 Rh8 49. a3 Bd3 50. Ra4 Bg6 51. h5 Bxh5 52. Rxa5+ Kd4 53. Kd2 Bg6 54. Ra4+ Ke5 55. Ke3 Rc8 56. Ra5+ Kd6 57. Ne4+ Kd7 58. Ra7+ Kc6 59. Rg7 Bf5 60. Ng3 1-0

[Event "27th Kavala Open 2018"]
[Site "Kavala"]
[Date "2018.08.06"]
[Round "3"]
[White "Ladopoulos, Dimitrios"]
[Black "Mu, Ke"]
[Result "1/2-1/2"]
[ECO "A49"]
[WhiteElo "2191"]
[BlackElo "2446"]
[Annotator "NA"]
[PlyCount "122"]
[EventDate "2018.08.06"]
[EventType "swiss"]
[EventCountry "GRE"]
[SourceTitle "playchess.com"]
[Source "ChessBase"]
[SourceQuality "1"]
[TimeControl "40/5400+30:900+30"]

1. Nf3 Nf6 2. d4 g6 3. g3 Bg7 4. Bg2 O-O 5. O-O d6 6. c4 Nc6 7. Nc3 Rb8 8. d5 Na5 9. Nd2 c5 10. e4 a6 11. a4 e5 12. dxe6 Bxe6 13. b3 Ng4 14. Qc2 Nc6 15. Bb2 Nd4 16. Qd1 Ne5 17. Nd5 Bg4 18. Qb1 b5 19. cxb5 axb5 20. Bxd4 cxd4 21. a5 b4 22. f3 Be6 23. f4 Nd7 24. Nc4 Bxd5 25. exd5 Nc5 26. Qd1 d3 27. Ra2 Qf6 28. Rf3 Rfe8 29. Bf1 Qd4+ 30. Kg2 Qxd5 31. Bxd3 Ne6 32. a6 Qc6 33. Kh3 Ra8 34. Re3 Bd4 35. Re1 Ra7 36. Na5 Qc8 37. Kg2 Rae7 38. Rf1 Nc7 39. Bc4 Bc5 40. Nb7 d5 41. Bd3 Ne6 42. Rc2 Rc7 43. Bb5 Rf8 44. Qxd5 Ba7 45. Rc4 Nd4 46. Nd6 Qb8 47. Rxd4 Bxd4 48. Qxd4 Rd8 49. Rf2 Re7 50. Rd2 Re6 51. Qxb4 Rexd6 52. Rxd6 Rxd6 53. Qc5 Qa8+ 54. Kh3 Rd5 55. Qc6 Rh5+ 56. Kg2 Qa7 57. Bc4 Qe3 58. Qb7 Qd2+ 59. Kf3 Qd1+ 60. Kg2 Qd2+ 61. Kf3 Qd1+ 1/2-1/2

[Event "27th Kavala Open 2018"]
[Site "Kavala"]
[Date "2018.08.06"]
[Round "3"]
[White "Iskos, Alexandros"]
[Black "Ni, Shiqun"]
[Result "1/2-1/2"]
[ECO "C42"]
[WhiteElo "2179"]
[BlackElo "2436"]
[Annotator "NA"]
[PlyCount "53"]
[EventDate "2018.08.06"]
[EventType "swiss"]
[EventCountry "GRE"]
[SourceTitle "playchess.com"]
[Source "ChessBase"]
[SourceQuality "1"]
[TimeControl "40/5400+30:900+30"]

1. e4 e5 2. Nf3 Nf6 3. Nc3 Bb4 4. Nxe5 O-O 5. Nd3 Bxc3 6. dxc3 Nxe4 7. Be2 d6 8. O-O Re8 9. Nf4 Nc6 10. c4 Bf5 11. c3 Nf6 12. Nd5 Nxd5 13. cxd5 Ne5 14. f4 Nd7 15. Bf3 Be4 16. Be3 Nb6 17. Qd4 Qe7 18. Bxe4 Qxe4 19. Qxe4 Rxe4 20. Bxb6 axb6 21. Rae1 Rae8 22. Rxe4 Rxe4 23. g3 Re3 24. c4 Re4 25. b3 Re2 26. Rf2 Re1+ 27. Rf1 1/2-1/2

[Event "27th Kavala Open 2018"]
[Site "Kavala"]
[Date "2018.08.06"]
[Round "3"]
[White "Loutragotis, Dimitrios"]
[Black "Tsolakidou, Stavroula"]
[Result "1-0"]
[ECO "B68"]
[WhiteElo "2169"]
[BlackElo "2418"]
[Annotator "NA"]
[PlyCount "85"]
[EventDate "2018.08.06"]
[EventType "swiss"]
[EventCountry "GRE"]
[SourceTitle "playchess.com"]
[Source "ChessBase"]
[SourceQuality "1"]
[TimeControl "40/5400+30:900+30"]

1. e4 c5 2. Nf3 d6 3. d4 cxd4 4. Nxd4 Nf6 5. Nc3 Nc6 6. Bg5 e6 7. Qd2 a6 8. O-O-O Be7 9. f4 Bd7 10. Nf3 b5 11. Bd3 b4 12. Ne2 Qa5 13. Kb1 Qc5 14. h3 a5 15. Rhe1 h6 16. Bh4 Rd8 17. Nc1 a4 18. Bf2 Qa5 19. g4 a3 20. b3 g5 21. Ne2 gxf4 22. Qxf4 e5 23. Qe3 Be6 24. g5 Nd7 25. gxh6 Bf8 26. Bh4 f6 27. Nd2 Rxh6 28. Bc4 Nc5 29. Bxe6 Nxe6 30. Bf2 d5 31. h4 Rd7 32. Qh3 Ke7 33. Be3 Rh8 34. Rf1 Bh6 35. Qf5 Bg7 36. h5 Rf8 37. h6 Bh8 38. Nc4 Qb5 39. exd5 Rxd5 40. Qh7+ Ke8 41. Nd6+ Rxd6 42. Rxd6 Ncd8 43. Rfd1 1-0

[Event "27th Kavala Open 2018"]
[Site "Kavala"]
[Date "2018.08.06"]
[Round "3"]
[White "Koutlas, Nikolaos"]
[Black "Schitco, Ivan"]
[Result "1/2-1/2"]
[ECO "A22"]
[WhiteElo "1711"]
[BlackElo "2377"]
[Annotator "NA"]
[PlyCount "53"]
[EventDate "2018.08.06"]
[EventType "swiss"]
[EventCountry "GRE"]
[SourceTitle "playchess.com"]
[Source "ChessBase"]
[SourceQuality "1"]
[TimeControl "40/5400+30:900+30"]

1. c4 e5 2. Nc3 Nf6 3. g3 Nc6 4. Bg2 Bc5 5. e3 d5 6. cxd5 Nb4 7. d3 Nbxd5 8. Nxd5 Nxd5 9. a3 O-O 10. b4 Bb6 11. Nf3 a5 12. bxa5 Bxa5+ 13. Bd2 Bxd2+ 14. Qxd2 Qf6 15. O-O Bg4 16. Nd4 exd4 17. Bxd5 c6 18. Bg2 dxe3 19. Qxe3 Rfd8 20. Rab1 Rxa3 21. Rxb7 Raxd3 22. Qe4 Bf3 23. Bxf3 Rxf3 24. Kg2 Rc3 25. Rd1 Rf8 26. Rdd7 Rc5 27. Qe7 1/2-1/2